[Event "Titled Tuesday Blitz November 15 Early 2022"]
[White "Gheorghiu, Calin"]
[Black "Zhigalko, Sergei"]
[WhiteFideId "1200305"]
[BlackFideId "13502956"]
[WhiteElo "2225"]
[BlackElo "2662"]
[Result "1-0"]
[Round "09"]
[TimeControl "180+1"]
[Date "2022.11.16"]
[WhiteClock "0:00:08"]
[BlackClock "0:00:03"]

1. d4 Nf6 2. Bf4 e6 3. e3 d5 4. Nd2 Bd6 5. Ngf3 O-O 6. Ne5 c5 7. c3 Nc6 8. Bd3 Qc7 9. Ndf3 h6 10. g4 Nd7 11. g5 cxd4 12. Nxc6 bxc6 13. Bxd6 Qxd6 14. gxh6 g6 15. exd4 e5 16. dxe5 Re8 17. h7+ Kg7 18. Qe2 Nxe5 19. O-O-O Bg4 20. h8=Q+ Rxh8 21. Qxe5+ Qxe5 22. Nxe5 Bxd1 23. Kxd1 Rac8 24. h4 Rh5 25. Nf3 c5 26. Re1 Kf6 27. Kd2 Rb8 28. b3 a5 29. Bc2 Rhh8 30. Re5 Rbd8 31. Bd3 Rxh4 32. Rxd5 Rxd5 33. Nxh4 g5 34. Ng2 Rd8 35. Ne3 Ke5 36. Ke2 Kf4 37. Bc4 f5 38. Nd5+ Ke5 39. Ne3 g4 40. Bd3 f4 41. Nxg4+ Ke6 42. Nh2 Rh8 43. Nf3 Rh1 44. Be4 Ra1 45. a4 Rc1 46. Kd3 Rf1 47. Ke2 Rc1 48. c4 Rc3 49. Nd2 Ke5 50. Bd5 Kd6 51. Ne4+ Ke5 52. Nxc3 1-0


[Site "https://www.chess.com"]

[Event "Titled Tuesday Blitz November 15 Early 2022"]
[White "Ghosh, Chanchal Kumer"]
[Black "Player, Edmund C"]
[WhiteFideId "10201858"]
[BlackFideId "406520"]
[WhiteElo "2058"]
[BlackElo "2103"]
[Result "1-0"]
[Round "09"]
[TimeControl "180+1"]
[Date "2022.11.16"]
[WhiteClock "0:02:14"]
[BlackClock "0:00:45"]

1. e4 e5 2. Nf3 Nc6 3. Bc4 Bc5 4. c3 Nf6 5. d4 exd4 6. cxd4 Bb4+ 7. Nc3 Nxe4 8. O-O Nxc3 9. bxc3 Be7 10. d5 Na5 11. Bd3 O-O 12. Qa4 b6 13. d6 Bxd6 14. Qe4 f5 15. Qxa8 c6 16. Qxa7 Bc5 17. Be3 Bxe3 18. fxe3 Bb7 19. Rab1 1-0


[Site "https://www.chess.com"]

[Event "Titled Tuesday Blitz November 15 Early 2022"]
[White "Ginzburg, Yakov"]
[Black "Galchenko, Matvey"]
[WhiteFideId "4157176"]
[BlackFideId "24175480"]
[WhiteElo "2305"]
[BlackElo "2403"]
[Result "1-0"]
[Round "09"]
[TimeControl "180+1"]
[Date "2022.11.16"]
[WhiteClock "0:00:06"]
[BlackClock "0:00:06"]

1. e4 e6 2. d4 d5 3. e5 c5 4. Qg4 cxd4 5. Bd3 Nc6 6. Nf3 h5 7. Qg3 Nh6 8. O-O Nf5 9. Bxf5 exf5 10. Bg5 Qb6 11. Nbd2 Be6 12. Nb3 a5 13. Rad1 a4 14. Nbxd4 Qxb2 15. c4 Nxd4 16. Nxd4 h4 17. Bxh4 f4 18. Qg5 Rh6 19. Nxe6 fxe6 20. cxd5 exd5 21. Rxd5 Kf7 22. Qxf4+ Kg8 23. Bg5 Rg6 24. Rd2 Qb6 25. Rd7 a3 26. h4 Qc6 27. Qf7+ Kh7 28. f4 Bc5+ 29. Kh2 Rf8 30. Qd5 Qxd5 31. Rxd5 b6 32. g4 Kg8 33. f5 Rc6 34. e6 Re8 35. h5 Bf8 36. Kg3 Rc4 37. Rd7 Bc5 38. Rfd1 Rc3+ 39. Kg2 Rc2+ 40. R1d2 Rxd2+ 41. Bxd2 b5 42. Bc3 Bf8 43. g5 b4 44. Bd4 Rc8 45. f6 gxf6 46. gxf6 b3 47. axb3 Ra8 48. f7+ Kh7 49. e7 a2 50. exf8=Q Rxf8 51. Ra7 a1=Q 52. Rxa1 Kh6 53. Kg3 Rxf7 54. Ra5 Rd7 55. Be3+ Kh7 56. Kf3 Rf7+ 57. Ke2 Kg8 58. Ra7 Rf5 59. h6 Rh5 60. h7+ Kf8 61. Bd4 Rh2+ 62. Kd3 Rh3+ 63. Kc4 Rxh7 64. Rxh7 1-0


[Site "https://www.chess.com"]

[Event "Titled Tuesday Blitz November 15 Early 2022"]
[White "Gjestemoen-VonHirsch, Andre"]
[Black "Makhmudov, Shukhrat"]
[WhiteFideId "1539531"]
[BlackFideId "14200775"]
[WhiteElo "2198"]
[BlackElo "2135"]
[Result "1-0"]
[Round "09"]
[TimeControl "180+1"]
[Date "2022.11.16"]
[WhiteClock "0:00:16"]
[BlackClock "0:00:19"]

1. b3 e5 2. Bb2 Nc6 3. e3 a6 4. Nf3 d6 5. d4 e4 6. Nfd2 Nf6 7. c4 Ne7 8. Nc3 Bf5 9. Be2 c6 10. b4 d5 11. Qb3 b5 12. cxb5 cxb5 13. a4 Nc6 14. axb5 Nxb4 15. bxa6 Bd6 16. Ba3 Nd3+ 17. Bxd3 exd3 18. Nxd5 O-O 19. Nxf6+ Qxf6 20. Bxd6 Qxd6 21. O-O Rxa6 22. e4 Rxa1 23. Rxa1 Qxd4 24. Ra4 Qe5 25. exf5 Qe1+ 26. Nf1 d2 27. Rd4 h6 28. Rxd2 Rc8 29. Rd1 Qe2 30. Ne3 Kh7 31. h3 f6 32. Qf7 Rc2 33. Qg6+ Kg8 34. Rd8# 1-0


[Site "https://www.chess.com"]

[Event "Titled Tuesday Blitz November 15 Early 2022"]
[White "Gokerkan, Cem Kaan"]
[Black "Gurvich, Vitaly"]
[WhiteFideId "6336760"]
[BlackFideId "24164852"]
[WhiteElo "2365"]
[BlackElo "2342"]
[Result "1-0"]
[Round "09"]
[TimeControl "180+1"]
[Date "2022.11.16"]
[WhiteClock "0:00:13"]
[BlackClock "0:00:03"]

1. e4 c6 2. d4 d5 3. e5 Bf5 4. h4 h5 5. c4 e6 6. Nc3 Bb4 7. a3 Bxc3+ 8. bxc3 dxc4 9. Bxc4 Nd7 10. Ne2 Ne7 11. Bg5 Qa5 12. O-O Nb6 13. Bb3 c5 14. Ng3 Bg6 15. Bxe7 Kxe7 16. Qf3 Rab8 17. Rfd1 c4 18. Ba2 Qd5 19. Qf4 Na4 20. Qg5+ Kd7 21. Rdc1 b5 22. Bb1 Bxb1 23. Raxb1 g6 24. Qf4 Rhf8 25. Ne4 Kc6 26. Nf6 Qd8 27. Qf3+ Kb6 28. Rb4 Ka5 29. Rcb1 Rb6 30. d5 Nc5 31. a4 bxa4 32. dxe6 fxe6 33. Rxb6 axb6 34. Qc6 Nb3 35. Qxc4 Qe7 36. Ne4 Rf4 37. g3 Rf5 38. Nd6 Rxe5 39. Qb4+ Ka6 40. Qxa4+ Na5 41. Rxb6+ 1-0


[Site "https://www.chess.com"]

[Event "Titled Tuesday Blitz November 15 Early 2022"]
[White "Gonzalez, Francisco Silva"]
[Black "Martin, Lewis"]
[WhiteFideId "1512285"]
[BlackFideId "410551"]
[WhiteElo "2159"]
[BlackElo "2145"]
[Result "1-0"]
[Round "09"]
[TimeControl "180+1"]
[Date "2022.11.16"]
[WhiteClock "0:00:24"]
[BlackClock "0:00:06"]

1. d4 d5 2. c4 e6 3. Nc3 Nf6 4. Bg5 c6 5. e3 Nbd7 6. a3 Be7 7. Nf3 O-O 8. Qc2 a6 9. Rd1 dxc4 10. Bxc4 b5 11. Ba2 Bb7 12. Bb1 Re8 13. Ne5 Nf8 14. f4 Nd5 15. Nxd5 Bxg5 16. Nc3 Be7 17. O-O g6 18. b4 Rc8 19. Qb3 Qb6 20. Ne4 a5 21. Nc5 axb4 22. axb4 Red8 23. f5 Bxc5 24. dxc5 Qc7 25. Ng4 exf5 26. Nf6+ Kg7 27. Qb2 Kh6 28. e4 Rxd1 29. Ng8+ Kh5 30. Qe2+ Kg5 31. Rxd1 Re8 32. Rd6 f4 33. h4+ Kxh4 34. Qf3 Bc8 35. g3+ fxg3 36. Qf4+ Bg4 37. Nf6 h5 38. e5 Ne6 39. Qe3 Qa7 40. Nxe8 Qa1 41. Qe1 Qb2 42. Rd2 Qxb4 43. Rh2+ Kg5 44. Qxb4 gxh2+ 45. Kxh2 Nf4 46. Qd2 Bf5 47. Kg3 h4+ 48. Kf3 Bg4+ 49. Ke4 f5+ 50. Kd4 h3 51. Nf6 h2 52. Qxh2 Ne6+ 53. Kc3 f4 54. Nxg4 Kxg4 55. Bxg6 Nxc5 56. Qg1+ Kh4 57. Qxc5 1-0


[Site "https://www.chess.com"]

[Event "Titled Tuesday Blitz November 15 Early 2022"]
[White "Gurevich, Dmitry"]
[Black "Aradhya, Garg"]
[WhiteFideId "2000407"]
[BlackFideId "25006746"]
[WhiteElo "2506"]
[BlackElo "2223"]
[Result "0-1"]
[Round "09"]
[TimeControl "180+1"]
[Date "2022.11.16"]
[WhiteClock "0:00:24"]
[BlackClock "0:01:02"]

1. d4 d5 2. c4 c6 3. Nf3 Nf6 4. Nc3 dxc4 5. a4 Bf5 6. Ne5 e6 7. f3 Bb4 8. Nxc4 O-O 9. e4 Nxe4 10. fxe4 Qh4+ 11. Kd2 Qxe4 12. Ne3 Rd8 13. Nxf5 exf5 14. Bd3 Rxd4 15. Kc2 Qxg2+ 16. Bd2 Na6 17. Rg1 Qxh2 18. Qf3 Nc5 19. Be2 Rxd2+ 20. Kxd2 Nb3+ 21. Kc2 Nd4+ 0-1


[Site "https://www.chess.com"]

[Event "Titled Tuesday Blitz November 15 Early 2022"]
[White "Harsha Bharathakoti"]
[Black "Atakhan, Abtin"]
[WhiteFideId "5078776"]
[BlackFideId "22502203"]
[WhiteElo "2523"]
[BlackElo "2298"]
[Result "1-0"]
[Round "09"]
[TimeControl "180+1"]
[Date "2022.11.15"]
[WhiteClock "0:00:18"]
[BlackClock "0:00:01"]

1. e4 c5 2. Nf3 d6 3. Bb5+ Nd7 4. O-O a6 5. Bd3 Ngf6 6. Re1 b5 7. c3 Bb7 8. Bc2 c4 9. a4 e6 10. d4 cxd3 11. Qxd3 Nc5 12. Qe2 bxa4 13. Rxa4 Be7 14. Rd4 Qc7 15. Rc4 Qd8 16. e5 dxe5 17. Nxe5 O-O 18. Rh4 h6 19. Bxh6 gxh6 20. Qe3 Nfe4 21. Rg4+ Bg5 22. f4 f5 23. Rg3 Nxg3 24. Qxg3 Kh7 25. fxg5 Qxg5 26. Qf2 Rg8 27. g3 Ne4 28. Bxe4 Bxe4 29. Nd2 Bd5 30. c4 Bb7 31. Ndf3 Qg7 32. Nd4 Rae8 33. Qf4 Qg5 34. Ne2 Qxf4 35. Nxf4 Be4 36. Nd7 Kg7 37. Nh5+ Kf7 38. Ndf6 Rb8 39. Nxg8 Rxb2 40. Ngf6 Rg2+ 41. Kf1 Bf3 42. Re3 Bc6 43. Nf4 Rxh2 44. Rxe6 Bf3 45. N6d5 Bxd5 46. cxd5 1-0


[Site "https://www.chess.com"]

[Event "Titled Tuesday Blitz November 15 Early 2022"]
[White "Howell, David W L"]
[Black "Novikova, Galina"]
[WhiteFideId "410608"]
[BlackFideId "4157095"]
[WhiteElo "2567"]
[BlackElo "1973"]
[Result "1-0"]
[Round "09"]
[TimeControl "180+1"]
[Date "2022.11.16"]
[WhiteClock "0:00:20"]
[BlackClock "0:00:04"]

1. a3 e6 2. Nf3 d5 3. g3 Nf6 4. Bg2 c5 5. O-O Nc6 6. d4 cxd4 7. Nxd4 Be7 8. c4 O-O 9. cxd5 Nxd4 10. Qxd4 exd5 11. Nc3 Be6 12. Be3 b6 13. Rad1 Bc5 14. Qd3 Rc8 15. Bxc5 Rxc5 16. b4 Rc7 17. Nb5 Rd7 18. Rc1 Qe7 19. Rfd1 h6 20. e3 Rfd8 21. Nd4 Bg4 22. Nc6 Qd6 23. Nxd8 Bxd1 24. Nxf7 Kxf7 25. Rxd1 Qe5 26. Qb3 Kf8 27. Rd4 Rc7 28. Qd1 Rd7 29. Bf3 Qf5 30. Kg2 Kg8 31. h4 Rf7 32. Rf4 Qe5 33. Qd4 Qe6 34. Qc3 Qd6 35. Qc8+ Kh7 36. Qf5+ Kg8 37. Qc8+ Kh7 38. Qc2+ Kg8 39. Rd4 Qe5 40. Qc8+ Kh7 41. Qc2+ Kg8 42. Qd3 Kh8 43. Bxd5 Nxd5 44. Rxd5 Qf6 45. Rd8+ Rf8 46. Rxf8+ Qxf8 47. e4 Qf6 48. Qd5 Qf8 49. e5 Qe7 50. Qa8+ Kh7 51. Qe4+ Kh8 52. h5 Qe6 53. Qa8+ Kh7 54. Qe4+ Kh8 55. Kh2 a5 56. bxa5 bxa5 57. a4 Kg8 58. Qa8+ Kh7 59. Qe4+ Kh8 60. g4 Kg8 61. Kg3 Kh8 62. f3 Kg8 63. Qa8+ Kh7 64. Qxa5 Qa2 65. Qe1 Qxa4 66. Qe4+ Qxe4 67. fxe4 Kg8 68. e6 Kf8 69. Kf4 Ke7 70. Kf5 Ke8 71. Kg6 Ke7 72. Kxg7 Kxe6 73. Kxh6 1-0


[Site "https://www.chess.com"]

[Event "Titled Tuesday Blitz November 15 Early 2022"]
[White "Ilkhomi, Jaloliddin"]
[Black "Fernandez De La Vara, Arnaldo"]
[WhiteFideId "14700948"]
[BlackFideId "3518388"]
[WhiteElo "2045"]
[BlackElo "2387"]
[Result "0-1"]
[Round "09"]
[TimeControl "180+1"]
[Date "2022.11.16"]
[WhiteClock "0:00:03"]
[BlackClock "0:00:10"]

1. d4 c5 2. e3 Nf6 3. Nf3 d5 4. c3 e6 5. Bd3 Nc6 6. O-O Qc7 7. Nbd2 e5 8. dxe5 Nxe5 9. Nxe5 Qxe5 10. Re1 Bd6 11. f4 Qe7 12. e4 Bxf4 13. exd5 Be3+ 14. Kh1 Ng4 15. Ne4 Qe5 16. g3 Bxc1 17. Nd6+ Kd7 18. Qa4+ Kxd6 19. Rxe5 Nxe5 20. Rxc1 Nxd3 21. Rf1 Ne5 22. b4 b6 23. bxc5+ bxc5 24. Re1 f6 25. Qf4 Re8 26. Qa4 Bb7 27. Qb5 Rab8 28. Kg1 Nf3+ 29. Kf2 Nxe1 30. Qa5 Nd3+ 31. Kf1 a6 32. Qb6+ Kxd5 33. Qc7 Kc4 34. Qf7+ Kxc3 35. Qb3+ Kd2 36. Qxd3+ Kxd3 37. Kf2 Re2+ 38. Kf1 0-1


[Site "https://www.chess.com"]

[Event "Titled Tuesday Blitz November 15 Early 2022"]
[White "Indjic, Aleksandar"]
[Black "Boros, Denes"]
[WhiteFideId "911925"]
[BlackFideId "722340"]
[WhiteElo "2592"]
[BlackElo "2464"]
[Result "1-0"]
[Round "09"]
[TimeControl "180+1"]
[Date "2022.11.15"]
[WhiteClock "0:01:04"]
[BlackClock "0:00:10"]

1. d4 g6 2. h4 Nf6 3. Nc3 d5 4. Bf4 a6 5. e3 Bg7 6. h5 O-O 7. hxg6 hxg6 8. Nf3 c5 9. Ne5 Nc6 10. Qd2 Nxe5 11. Bxe5 Ne4 12. Nxe4 dxe4 13. Bxg7 Kxg7 14. dxc5 Qxd2+ 15. Kxd2 Rd8+ 16. Kc3 Rd5 17. b4 a5 18. Bc4 axb4+ 19. Kxb4 Rg5 20. Rad1 b6 21. cxb6 Rb8 22. a4 Rxb6+ 23. Bb5 Rxg2 24. Rd2 g5 25. c4 g4 26. Rhd1 g3 27. fxg3 Rxg3 28. Re1 f5 29. c5 Rh6 30. c6 Rh8 31. a5 Rg6 32. Kc5 Re6 33. Kb6 Re5 34. Red1 Be6 35. Rd8 Rh2 36. Rb1 f4 37. exf4 Rf5 38. a6 e3 39. a7 Ra2 40. Rg1+ Kf6 41. Rf8+ 1-0


[Site "https://www.chess.com"]

[Event "Titled Tuesday Blitz November 15 Early 2022"]
[White "Itgelt, Khuyagtsogt"]
[Black "Wirig, Anthony"]
[WhiteFideId "4902912"]
[BlackFideId "615013"]
[WhiteElo "2129"]
[BlackElo "2487"]
[Result "0-1"]
[Round "09"]
[TimeControl "180+1"]
[Date "2022.11.16"]
[WhiteClock "0:00:02"]
[BlackClock "0:00:11"]

1. d4 Nf6 2. c4 Nc6 3. Nf3 d6 4. Nc3 e5 5. dxe5 dxe5 6. Qxd8+ Kxd8 7. Bg5 Be6 8. O-O-O+ Kc8 9. e3 Nd7 10. Bd3 f6 11. Bh4 Nc5 12. Be2 a5 13. Nd2 Nb4 14. a3 Nba6 15. b3 h5 16. f3 c6 17. Kb2 Nb8 18. Bf2 Nbd7 19. h4 Kc7 20. Bg3 Bf5 21. Nf1 Bd6 22. e4 Bg6 23. Ne3 Ne6 24. Nc2 Nf4 25. Bf2 Nxg2 26. Rhg1 Nf4 27. Be3 Nf8 28. c5 Be7 29. Bc4 Rd8 30. Rxd8 Bxd8 31. b4 axb4 32. axb4 Rh7 33. Bg8 Rh8 34. Bc4 Be7 35. b5 Kd8 36. Nb4 Kc7 37. b6+ Kb8 38. Bxf4 Bxc5 39. Rd1 Nh7 40. Nd3 Bxb6 41. Bg3 Bd4 42. Kb3 Kc7 43. Ne2 Be3 44. Nb4 b5 45. Be6 Be8 46. Bh3 g5 47. Nc2 Bb6 48. hxg5 Nxg5 49. Bg2 h4 50. Bh2 h3 51. Bh1 Bh5 52. Ng1 Ne6 53. Rd3 Nc5+ 54. Kc3 Nxd3 55. Kxd3 Rd8+ 56. Ke2 Ra8 57. Nxh3 Ra2 58. Kd3 c5 59. f4 Kd6 60. fxe5+ fxe5 61. Ng5 c4+ 62. Kd2 Bd4 63. Bf3 Be8 64. Bg4 b4 65. Nf3 Kc5 66. Kc1 b3 67. Ncxd4 exd4 68. Bg1 Kb4 69. Bxd4 c3 70. Bxc3+ Kxc3 71. Kb1 Bb5 72. Ne1 Rh2 73. Bd1 Rh1 0-1


[Site "https://www.chess.com"]

[Event "Titled Tuesday Blitz November 15 Early 2022"]
[White "Ivic, Velimir"]
[Black "Mgeladze, Tamaz"]
[WhiteFideId "950122"]
[BlackFideId "13601202"]
[WhiteElo "2625"]
[BlackElo "2288"]
[Result "1-0"]
[Round "09"]
[TimeControl "180+1"]
[Date "2022.11.15"]
[WhiteClock "0:00:26"]
[BlackClock "0:00:40"]

1. d4 Nf6 2. c4 g6 3. Nc3 Bg7 4. e4 d6 5. Be2 O-O 6. Be3 c5 7. d5 a6 8. a4 e6 9. Nf3 exd5 10. cxd5 Bg4 11. Nd2 Bxe2 12. Qxe2 Nbd7 13. O-O Re8 14. h3 Rc8 15. a5 Qc7 16. Ra4 h5 17. Bf4 Ne5 18. Bg3 Kh7 19. f4 Ned7 20. Qd3 b5 21. axb6 Nxb6 22. Rxa6 c4 23. Qc2 Nbd7 24. Rc6 Qb8 25. Nxc4 Rxc6 26. dxc6 Nc5 27. e5 dxe5 28. fxe5 Nfe4 29. Nxe4 Nxe4 30. Qxe4 Qb3 31. Rxf7 Qxg3 32. c7 Kh8 33. Qf4 Qe1+ 34. Kh2 Qe2 35. Rxg7 Kxg7 36. Nd6 Rc8 37. Nxc8 Qd2 38. Qxd2 1-0


[Site "https://www.chess.com"]

[Event "Titled Tuesday Blitz November 15 Early 2022"]
[White "Jarmula, Lukasz"]
[Black "Ozen, Bahadir"]
[WhiteFideId "1160664"]
[BlackFideId "6337058"]
[WhiteElo "2357"]
[BlackElo "2503"]
[Result "1/2-1/2"]
[Round "09"]
[TimeControl "180+1"]
[Date "2022.11.15"]
[WhiteClock "0:02:42"]
[BlackClock "0:03:03"]

1. b3 d5 2. Bb2 Bf5 3. d3 e6 4. Nd2 h6 5. g3 Bh7 6. Bg2 Nf6 7. e4 Be7 8. Nh3 O-O 9. O-O a5 10. a4 Na6 11. Qe2 Nb4 12. Rac1 Na2 13. Ra1 Nb4 14. Rac1 Na2 15. Ra1 Nb4 1/2-1/2


[Site "https://www.chess.com"]

[Event "Titled Tuesday Blitz November 15 Early 2022"]
[White "Jiganchine, Roman"]
[Black "Fabris, Alberto"]
[WhiteFideId "2603667"]
[BlackFideId "801348"]
[WhiteElo "2310"]
[BlackElo "2069"]
[Result "1-0"]
[Round "09"]
[TimeControl "180+1"]
[Date "2022.11.16"]
[WhiteClock "0:00:10"]
[BlackClock "0:00:08"]

1. e4 c6 2. d4 d5 3. exd5 cxd5 4. c4 Nf6 5. Nc3 Nc6 6. Nf3 Bg4 7. cxd5 Nxd5 8. Qb3 Bxf3 9. gxf3 Nxc3 10. bxc3 Qb6 11. Qa4 e6 12. Bd3 Bd6 13. Rb1 Qc7 14. Qb5 Rb8 15. Qg5 O-O 16. Rg1 g6 17. h4 Be7 18. Qg4 Bf6 19. h5 Ne7 20. Bd2 Bg7 21. Qh3 b6 22. Rh1 Rfd8 23. hxg6 hxg6 24. Qh7+ Kf8 25. Kf1 Nf5 26. Kg2 Qd6 27. Bg5 Rdc8 28. Bxf5 exf5 29. Rbe1 Re8 30. Bh6 Rxe1 31. Qxg7+ Ke7 32. Rxe1+ Kd7 33. Qxf7+ Kc6 34. Qc4+ Kb7 35. Re6 Qc7 36. Qd5+ Ka6 37. Qb3 Rc8 38. Qa3+ Kb7 39. Re7 a6 40. Rxc7+ Rxc7 41. Bf4 Rc6 42. Be5 b5 43. Qe7+ Kb6 44. Qd8+ Kb7 45. Qd7+ 1-0


[Site "https://www.chess.com"]

[Event "Titled Tuesday Blitz November 15 Early 2022"]
[White "Johnson, Ben"]
[Black "Hirneise, Jens"]
[WhiteFideId "2010917"]
[BlackFideId "24614734"]
[WhiteElo "2147"]
[BlackElo "2344"]
[Result "0-1"]
[Round "09"]
[TimeControl "180+1"]
[Date "2022.11.16"]
[WhiteClock "0:00:04"]
[BlackClock "0:01:03"]

1. Nf3 Nf6 2. c4 c5 3. Nc3 b6 4. g3 Bb7 5. Bg2 e5 6. O-O d6 7. a3 Be7 8. b4 Nc6 9. b5 Nd4 10. e3 Ne6 11. d3 O-O 12. a4 Rb8 13. Qd2 Ne8 14. Nh4 Bxg2 15. Nxg2 N8c7 16. a5 d5 17. axb6 axb6 18. cxd5 Nxd5 19. Nxd5 Qxd5 20. e4 Qd7 21. Ne3 Nd4 22. Qd1 Nxb5 23. Nd5 Bd6 24. Bb2 Nc7 25. Ra7 Qd8 26. Ne3 Nb5 27. Ra1 Ra8 28. Nf5 Rxa1 29. Qxa1 Re8 30. Qa6 Nd4 31. Bxd4 cxd4 32. Rb1 Bc5 33. Qb7 Qc8 34. Qd5 Qe6 35. Qb7 g6 36. Nh4 Qa2 37. Rb5 Qa4 38. Qc6 Rf8 39. Rxc5 Qd1+ 40. Kg2 bxc5 41. Qxc5 Qxd3 42. Qxe5 Qc4 43. Nf3 d3 44. h4 Rd8 45. Qe7 Rf8 46. e5 Qd5 47. Qd6 Qxd6 48. exd6 Rd8 49. Nd2 Rxd6 50. Kf3 f5 51. Ke3 Kg7 52. Nc4 Rd8 53. f3 Kf6 54. g4 fxg4 55. fxg4 h5 56. g5+ Kf5 57. Nd2 Kg4 0-1


[Site "https://www.chess.com"]

[Event "Titled Tuesday Blitz November 15 Early 2022"]
[White "Jumabayev, Rinat"]
[Black "Dubov, Daniil"]
[WhiteFideId "13702661"]
[BlackFideId "24126055"]
[WhiteElo "2561"]
[BlackElo "2791"]
[Result "0-1"]
[Round "09"]
[TimeControl "180+1"]
[Date "2022.11.15"]
[WhiteClock "0:00:01"]
[BlackClock "0:00:37"]

1. e4 c6 2. Nf3 d5 3. d3 Qc7 4. Be2 Nf6 5. e5 Ng4 6. d4 c5 7. c3 Nc6 8. Bf4 h5 9. O-O Nh6 10. dxc5 e6 11. b4 Nf5 12. Re1 b6 13. cxb6 axb6 14. Nbd2 Nce7 15. h3 Ng6 16. Bh2 Qxc3 17. Bb5+ Bd7 18. Bxd7+ Kxd7 19. Ne4 Qxb4 20. Neg5 Bc5 21. Re4 Qb5 22. a4 Qc6 23. Re2 Ke7 24. Qb3 h4 25. Kf1 Ra5 26. Rea2 Rha8 27. g4 hxg3 28. Bxg3 Qc8 29. h4 Qa6+ 30. Kg2 Qc4 31. Qxc4 dxc4 32. h5 Nf8 33. Ne4 Nd7 34. Bf4 b5 35. Bg5+ Ke8 36. Rd1 Bb4 37. h6 gxh6 38. Nf6+ Nxf6 39. Bxf6 Rxa4 40. Rb2 Ne7 41. Nd4 Bc3 42. Rxb5 Bxd4 43. Rxd4 Nd5 44. Rb7 c3 45. Rd1 R4a7 0-1


[Site "https://www.chess.com"]

[Event "Titled Tuesday Blitz November 15 Early 2022"]
[White "Kaminski, Victor"]
[Black "Stijve, Theo"]
[WhiteFideId "1131630"]
[BlackFideId "1331132"]
[WhiteElo "2181"]
[BlackElo "2256"]
[Result "0-1"]
[Round "09"]
[TimeControl "180+1"]
[Date "2022.11.16"]
[WhiteClock "0:00:01"]
[BlackClock "0:00:23"]

1. e4 c5 2. Nf3 a6 3. c4 e6 4. Nc3 Nc6 5. d4 cxd4 6. Nxd4 Qc7 7. Be2 Nf6 8. O-O h5 9. h3 b6 10. Be3 Bb7 11. Rc1 Rc8 12. Nd5 exd5 13. cxd5 Nxe4 14. dxc6 dxc6 15. Bf3 c5 16. Re1 Qd7 17. Bf4 Qxd4 18. Qxd4 cxd4 19. Rxe4+ Be7 20. Rxe7+ Kxe7 21. Re1+ Kd7 22. Bxb7 Rc2 23. Bxa6 Rxb2 24. a4 Re8 25. Bb5+ Rxb5 26. Rd1 Rd5 27. Rd3 Re1+ 28. Kh2 Ra1 29. Kg3 Rxa4 30. Bd2 f6 31. Kf4 g5+ 32. Ke4 Re5+ 33. Kf3 Ke6 34. g4 h4 35. Rb3 b5 36. Bb4 Kd5 37. Rb2 Kc4 38. Bd2 Ra3+ 39. Kg2 d3 40. Rb1 Rb3 41. Rc1+ Kd4 42. Rc8 b4 43. Rd8+ Ke4 0-1


[Site "https://www.chess.com"]

[Event "Titled Tuesday Blitz November 15 Early 2022"]
[White "Kamsky, Gata"]
[Black "Shipov, Sergei"]
[WhiteFideId "2000024"]
[BlackFideId "4113624"]
[WhiteElo "2666"]
[BlackElo "2781"]
[Result "0-1"]
[Round "09"]
[TimeControl "180+1"]
[Date "2022.11.15"]
[WhiteClock "0:00:01"]
[BlackClock "0:00:07"]

1. d4 d5 2. Bf4 Nf6 3. e3 c5 4. c3 Nc6 5. Nd2 e6 6. Ngf3 Nh5 7. Bg3 cxd4 8. exd4 Nxg3 9. hxg3 g6 10. Ne5 Bg7 11. f4 Qb6 12. Qb3 O-O 13. Ndf3 f6 14. Nd3 Qc7 15. O-O-O Na5 16. Qc2 Nc4 17. Re1 b6 18. g4 Bd7 19. g3 Rac8 20. g5 Rf7 21. Bh3 f5 22. Bf1 Re7 23. Nfe5 Nd6 24. Nxd7 Qxd7 25. Ne5 Bxe5 26. Rxe5 Ne4 27. Rh3 Qd6 28. Ba6 Rxc3 29. bxc3 Qa3+ 30. Kb1 Qxa6 31. Rh1 Qc4 32. Rc1 Kf7 33. Ka1 Rc7 34. Qh2 Kg8 35. Rxe6 Nxc3 36. Qd2 b5 37. Re8+ Kf7 38. Rh8 Kg7 39. Re8 b4 40. Qh2 Kf7 41. Rh8 Ke6 42. Re8+ Kd6 43. Qh6 Qxd4 44. Qf8+ Kc6 45. Qh8 Qxh8 46. Rxh8 d4 47. Rd8 Kc5 48. Kb2 Kc4 49. Re1 a5 50. Re6 a4 51. Red6 a3+ 52. Kc2 Nxa2 0-1


[Site "https://www.chess.com"]

[Event "Titled Tuesday Blitz November 15 Early 2022"]
[White "Kirillov, Dmitry"]
[Black "Quintiliano Pinto, Renato R."]
[WhiteFideId "34180572"]
[BlackFideId "2117568"]
[WhiteElo "2095"]
[BlackElo "2472"]
[Result "1/2-1/2"]
[Round "09"]
[TimeControl "180+1"]
[Date "2022.11.16"]
[WhiteClock "0:00:59"]
[BlackClock "0:01:36"]

1. e4 e5 2. Nf3 Nc6 3. d4 exd4 4. c3 dxc3 5. Nxc3 d6 6. Bc4 Be7 7. Qb3 Na5 8. Bxf7+ Kf8 9. Qa4 Kxf7 10. Qxa5 c6 11. Qxd8 Bxd8 12. Bf4 Ba5 13. Bxd6 Nf6 14. e5 Bxc3+ 15. bxc3 Ne4 16. c4 c5 17. Rd1 Be6 18. O-O h6 19. Rfe1 Ng5 20. Nxg5+ hxg5 21. Bxc5 b6 22. Be3 g4 23. c5 bxc5 24. Bxc5 Rhd8 25. Bd6 Bxa2 26. Rd4 Be6 27. Re3 a5 28. f3 gxf3 29. Rxf3+ Kg8 30. Ra3 Rd7 31. Rda4 Rda7 1/2-1/2


[Site "https://www.chess.com"]

[Event "Titled Tuesday Blitz November 15 Early 2022"]
[White "Kleiman, Jake"]
[Black "Langner, Ladislav"]
[WhiteFideId "2020041"]
[BlackFideId "300403"]
[WhiteElo "2594"]
[BlackElo "2346"]
[Result "1-0"]
[Round "09"]
[TimeControl "180+1"]
[Date "2022.11.16"]
[WhiteClock "0:00:42"]
[BlackClock "0:00:53"]

1. Nf3 Nf6 2. g3 d5 3. Bg2 g6 4. O-O Bg7 5. d3 O-O 6. Nbd2 c5 7. e4 Nc6 8. Re1 e5 9. c3 d4 10. Nc4 Nd7 11. a4 Nb6 12. Nxb6 axb6 13. Qc2 h6 14. Nh4 Be6 15. Bd2 Na5 16. c4 Nc6 17. Rf1 Qe7 18. Qd1 Kh7 19. Qe2 Bf6 20. Nf3 Bg5 21. Nxg5+ hxg5 22. f4 gxf4 23. gxf4 exf4 24. Bxf4 Qh4 25. Bg3 Qh6 26. Rf6 Kg7 27. Raf1 Rh8 28. Qf2 Raf8 29. Bd6 Kg8 30. Rxe6 Ne5 31. Bxe5 fxe6 32. Qxf8+ 1-0


[Site "https://www.chess.com"]

[Event "Titled Tuesday Blitz November 15 Early 2022"]
[White "Kobo, Ori"]
[Black "Garcia Ramos, Daniel"]
[WhiteFideId "2812320"]
[BlackFideId "32010311"]
[WhiteElo "2447"]
[BlackElo "2357"]
[Result "1-0"]
[Round "09"]
[TimeControl "180+1"]
[Date "2022.11.16"]
[WhiteClock "0:00:42"]
[BlackClock "0:00:02"]

1. e4 c6 2. Nf3 d5 3. e5 Bg4 4. Be2 e6 5. O-O Nd7 6. d4 c5 7. c4 Ne7 8. cxd5 Nxd5 9. Nc3 Nxc3 10. bxc3 Be7 11. Be3 O-O 12. a4 Qc7 13. a5 Rad8 14. Nd2 Bxe2 15. Qxe2 Nb8 16. Qb5 Qc6 17. Rfb1 Rd7 18. Ra2 cxd4 19. cxd4 Rc8 20. Rab2 Rcc7 21. h3 h6 22. Kh2 a6 23. Qe2 Qa4 24. Qg4 Kh8 25. Ne4 Nc6 26. Ng3 Qxa5 27. Nh5 g6 28. Ng3 Nxe5 29. dxe5 Qxe5 30. Bf4 Qd4 31. Bxc7 Qxg4 32. hxg4 Rxc7 33. Rxb7 Rxb7 34. Rxb7 Bd6 35. Rxf7 a5 36. Ra7 Bb4 37. Ra6 Kg7 38. Rxe6 1-0


[Site "https://www.chess.com"]